 Dungeon Crawl Stone Soup version 0.32-a0-675-gdc239d62e1 (webtiles) character file.

Game seed: 1943233937497183592

49817 Zeldest the Fencer (level 14, -25/113 HPs)
             Began as a Coglin Berserker on Mar 11, 2024.
             Was a High Priest of Trog.
             Annihilated by a titanic slime creature (72 damage)
             ... on level 12 of the Dungeon.
             The game lasted 00:30:45 (20642 turns).

Zeldest the Fencer (Coglin Berserker)              Turns: 20642, Time: 00:30:46

Health: -25/113    AC: 24    Str: 21    XL:     14   Next: 52%
Magic:  14/14      EV: 13    Int:  7    God:    Trog [*****.]
Gold:   1449       SH:  0    Dex: 17    Spells: 13/13 levels left

rFire   + . .        G - +5 falchion of Non Obstante Veredicto {drain, Str+4}
rCold   . . .        (no shield)
rNeg    + + .        P - +8 chain mail of Springtime {rN++ rCorr Dex-2}
rPois   .            (no helmet)
rElec   .            a - +0 cloak
rCorr   +            o - +1 pair of gloves
SInv    .            n - +0 pair of boots
Will    +....        (amulet unavailable) Stlth
                     (ring unavailable)
HPRegen 0.38/turn    (ring unavailable)
MPRegen 0.14/turn    d - recursive compensator {rF+ Slay+3 Clar RMsl}

%: repel missiles, clarity
@: no status effects
A: off-hand wielding, slow wielding, warmup strikes, no jewellery
a: Renounce Religion, Berserk, Trog's Hand, Brothers in Arms


You were on level 12 of the Dungeon.
You worshipped Trog.
Trog was extremely pleased with you.
You visited 2 branches of the dungeon, and saw 17 of its levels.
You also visited: Ossuary.

You collected 1589 gold pieces.
You spent 140 gold pieces at shops.

Inventory:

Hand Weapons
 g - the +1 falchion of Saltpetre {venom, *Rage rElec MP+9 Int+5}
   (You found it on level 11 of the Dungeon)

   Int+5:     It affects your intelligence (+5).
   rElec:     It insulates you from electricity.
   MP+9:      It affects your magic capacity (+9).
   *Rage:     It berserks you when you make melee attacks (+20% chance).
 i - the +1 falchion of a treasure trove {heavy, rF+ rN+ Dex-5 SInv}
   (Trog gifted it to you on level 8 of the Dungeon)

   Dex-5:     It affects your dexterity (-5).
   rF+:       It protects you from fire.
   rN+:       It protects you from negative energy.
   SInv:      It lets you see invisible.
 r - the +10 short sword of Impatience {venom, ^Fragile rCorr Str+2 Dex+8}
   (You found it on level 5 of the Lair of Beasts)

   Str+2:     It affects your strength (+2).
   Dex+8:     It affects your dexterity (+8).
   rCorr:     It protects you from acid and corrosion.
   ^Fragile:  It will be destroyed if unequipped.
 G - the +5 falchion of Non Obstante Veredicto (weapon) {drain, Str+4}
   (You took it off a kobold brigand on level 8 of the Dungeon)

   Str+4:     It affects your strength (+4).
 J - a +4 antimagic falchion {Fukan}
Missiles
 k - 5 curare-tipped darts (quivered)
Armour
 a - a +0 cloak (worn)
 n - a +0 pair of boots (worn)
 o - a +1 pair of gloves (worn)
 t - +0 swamp dragon scales
 P - the +8 chain mail of Springtime (worn) {rN++ rCorr Dex-2}
   (You found it on level 5 of the Lair of Beasts)

   Dex-2:     It affects your dexterity (-2).
   rN++:      It greatly protects you from negative energy.
   rCorr:     It protects you from acid and corrosion.
Gizmo
 d - a recursive compensator (installed) {rF+ Slay+3 Clar RMsl}
   (You invented it yourself on level 5 of the Lair of Beasts)

   [recursive compensator]

   Slay+3:    It affects your accuracy & damage with ranged weapons and melee
   (+3).
   rF+:       It protects you from fire.
   Clar:      It protects you from confusion, rage, mesmerisation and fear.
   RMsl:      It protects you from missiles.
Wands
 v - a wand of warping (9)
 B - a wand of mindburst (2)
 E - a wand of charming (4)
 M - a wand of flame (21)
 N - a wand of digging (9)
 O - a wand of polymorph (6)
Scrolls
 b - 6 scrolls of enchant armour
 c - a scroll of torment
 e - 2 scrolls of brand weapon
 f - a scroll of poison
 j - a scroll of butterflies
 m - 4 scrolls of identify
 q - 10 scrolls of teleportation
 s - 3 scrolls of enchant weapon
 u - 3 scrolls of fog
 x - 5 scrolls of revelation
 y - a scroll of noise
 A - 4 scrolls of immolation
 F - 4 scrolls of vulnerability
 H - 2 scrolls of blinking
 L - a scroll of fear
Potions
 h - 6 potions of heal wounds
 l - 4 potions of haste
 p - 3 potions of might
 w - 2 potions of enlightenment
 z - 3 potions of lignification
 C - 4 potions of mutation
 D - 9 potions of curing
 I - 5 potions of attraction
 K - a potion of invisibility


   Skills:
 + Level 11.3 Fighting
 * Level 15.5 Long Blades
 + Level 9.6 Armour
 + Level 10.1 Dodging
 + Level 10.9 Evocations


You had 13 spell levels left.
You didn't know any spells.
Your spell library was empty.

Dungeon Overview and Level Annotations

Branches:
Dungeon (12/15) Zot: 25926  Temple (0/1) D:5            Lair (5/5) D:8 Zot: 21208
 Shoals (0/4) Lair:3        Snake (0/4) Lair:3        Slime (0/5) Lair:5
    Orc (0/2) D:12        Ossuary (visited)

Altars:
Ashenzari
Dithmenos
Fedhas
Gozag
Hepliaklqana
Kikubaaqudgha
Makhleb
Nemelex Xobeh
Sif Muna
Vehumet
Wu Jian
The Shining One

Shops:
D:4 =   D:10 *

Portals:
Trove: D:11 (give +3 fire dragon scales)

Annotations:
Lair:1 3 runed translucent doors, garrulousMonolith's ghost, journeyman MDFi
Lair:3 1 runed translucent door
Lair:4 1 runed translucent door, Rupert


Innate Abilities, Weirdness & Mutations

You can wield a second weapon in your off-hand.
It takes a long time for you to wield or remove held weapons.
Your first few attacks do less damage.
You cannot equip rings or amulets.


Message History

A centaur is nearby!
The centaur shoots an arrow.
The arrow completely misses you.
The centaur shoots an arrow.
The arrow is repelled.
The centaur unwields a +0 shortbow.
The centaur closely misses you. x2
A centaur is nearby!
You hit the centaur.
The centaur is lightly wounded.
The centaur hits you but does no damage.
The centaur kicks you.
A centaur is nearby!
You slash the centaur!
The centaur is almost dead.
The centaur closely misses you. x2
You slash the centaur!
You kill the centaur!
Trog accepts your kill.
No target in view!
You now have 1449 gold pieces (gained 17). 3 slime creatures come into view.
The slime creature quivers.
Two slime creatures merge to form a large slime creature.
Two slime creatures merge to form a very large slime creature.
A slime creature comes into view. x2
The slime creature quivers. x2
Two slime creatures merge to form an enormous slime creature.
Two slime creatures merge to form a titanic slime creature.
A titanic slime creature is nearby!
The titanic slime creature hits you!!!
You are too injured to fight recklessly!
You are too injured to fight recklessly!
You are too injured to fight recklessly!
You are too injured to fight recklessly!
The titanic slime creature attacks as it pursues you!
The titanic slime creature barely misses you.
The titanic slime creature attacks as it pursues you!
The titanic slime creature hits you!!
The titanic slime creature attacks as it pursues you!
The titanic slime creature hits you!!!!
Ouch! That really hurt!
You die...

.# # .#
.####.######
.#
...........#
.#
.####.####.#
.# .. #.#
### ## #.#
#.# #.# ..##
#J# ...# #@#
>..#######
#.#
.........#
#.#
...#####.#
#.# ...# #.#
#.# ...#
#.#######.##
...#
#..........#
...#
#..#########
+#.. #..#


You could see a titanic slime creature.

Vanquished Creatures
  Snorg (D:11)
  Josephine (D:11)
  4 hydras
  A fire dragon (Lair:5)
  2 catoblepae
  2 anacondas (Lair:5)
  2 death yaks (Lair:1)
  A hell hog (Lair:5)
  Sonja (D:11)
  A swamp dragon (Lair:5)
  Pikel (D:8)
  A deep elf pyromancer (D:12)
  A salamander (Lair:3)
  A cyclops (D:11)
  7 elephants
  6 black mambas
  A torpor snail (Lair:1)
  9 cane toads
  2 unseen horrors
  Maggie (Lair:1)
  Jeremiah (D:8)
  3 rime drakes (Lair:5)
  3 kobold demonologists (D:10)
  11 komodo dragons
  2 guardian mummies (D:11)
  9 polar bears (Lair:5)
  3 trolls
  A queen bee (D:8)
  5 raiju (Lair:5)
  Prince Ribbit (D:6)
  9 blink frogs
  6 dream sheep
  Sigmund (D:2)
  A shadow (D:9)
  4 wraiths
  Eustachio (D:4)
  5 wargs
  4 wyverns
  20 yaks
  4 basilisks
  A human (Lair:4)
  3 steam dragons
  3 nagas (Lair:3)
  4 acid dragons
  10 hell hounds (Lair:5)
  14 water moccasins
  2 sky beasts
  6 orc warriors
  3 ice beasts (D:7)
  13 black bears
  2 laughing skulls (D:9)
  4 ogres
  26 wolves
  6 centaurs
  2 phantoms
  4 lemures (D:8)
  7 kobold brigands
  6 bullfrogs
  8 scorpions
  7 wights
  21 killer bees
  4 howler monkeys
  An electric eel (Lair:2)
  3 jellies
  3 bombardier beetles
  7 orc priests
  3 hounds
  An iron imp (D:6)
  2 iguanas (Lair:5)
  3 sleepcaps (D:6)
  Jessica (D:2)
  Terence (D:2)
  8 orc wizards
  4 hell rats (Lair:3)
  5 scorpion zombies (Ossuary)
  Natasha (twice) (D:2)
  3 mummies (Ossuary)
  11 adders
  2 river rats (D:5)
  2 shadow imps
  2 white imps (D:7)
  An ufetubus (D:7)
  5 adder zombies (Ossuary)
  A ribbon worm (D:2)
  3 dart slugs
  24 orcs
  8 ball pythons
  5 endoplasms
  4 giant cockroaches
  3 gnoll zombies (Ossuary)
  2 goblins
  6 hobgoblins
  5 quokkas
  11 bats
  2 frilled lizards (D:2)
  2 jackal zombies (Ossuary)
  36 kobolds
  2 kobold zombies (Ossuary)
  4 rats
484 creatures vanquished.

Vanquished Creatures (others)
  A skyshark (Lair:4)
  A raiju (Lair:5)
  A hell hound (Lair:5)
  A wolf (Lair:5)
  A phantom (D:7)
  An orc wizard (D:7)
  A kobold (D:8)
7 creatures vanquished.

Grand Total: 491 creatures vanquished

Notes
Turn   | Place    | Note
-------+----------+-------------------------------------------
     0 | D:1      | Zeldest the Coglin Berserker began the quest for the Orb.
     0 | D:1      | Reached XP level 1. HP: 18/18 MP: 1/1
   188 | D:1      | Reached XP level 2. HP: 24/24 MP: 2/2
   550 | D:1      | Reached XP level 3. HP: 29/29 MP: 3/3
   957 | D:2      | Noticed Jessica
   964 | D:2      | Killed Jessica
   971 | D:2      | Reached skill level 4 in Long Blades
   971 | D:2      | Reached XP level 4. HP: 15/35 MP: 1/4
  1114 | D:2      | Found a radiant altar of Vehumet.
  1184 | D:2      | Reached ** piety under Trog
  1189 | D:2      | Noticed Terence
  1210 | D:2      | Killed Terence
  1609 | D:2      | Noticed Sigmund
  1617 | D:2      | Killed Sigmund
  1618 | D:2      | Reached skill level 5 in Long Blades
  1618 | D:2      | Reached XP level 5. HP: 30/42 MP: 1/5
  1618 | D:2      | Reached XP level 6. HP: 34/48 MP: 2/6
  1799 | D:2      | Noticed Natasha
  1805 | D:2      | Killed Natasha
  2045 | D:2      | Noticed Natasha
  2059 | D:2      | Killed Natasha
  3016 | D:4      | Noticed Eustachio
  3027 | D:4      | Killed Eustachio
  3028 | D:4      | Reached skill level 6 in Long Blades
  3028 | D:4      | Reached XP level 7. HP: 29/55 MP: 2/7
  3238 | D:4      | Found a sparkling altar of Nemelex Xobeh.
  3315 | D:4      | Reached *** piety under Trog
  3316 | D:4      | Reached skill level 5 in Fighting
  3548 | D:4      | Reached XP level 8. HP: 62/62 MP: 2/8
  3561 | D:4      | Found Zuipuh's Jewellery Boutique.
  3715 | D:4      | Reached skill level 7 in Long Blades
  3971 | D:5      | Entered Level 5 of the Dungeon
  3979 | D:5      | Found a staircase to the Ecumenical Temple.
  4062 | D:5      | Noticed a wraith
  4086 | D:5      | Killed a wraith
  4123 | D:5      | Found an ornate altar of the Wu Jian Council.
  4396 | D:5      | Reached skill level 8 in Long Blades
  4396 | D:5      | Reached skill level 5 in Dodging
  4667 | D:5      | Reached XP level 9. HP: 68/69 MP: 3/9
  4990 | D:6      | Found a burning altar of Makhleb.
  5055 | D:6      | Noticed Prince Ribbit
  5060 | D:6      | Found a sand-covered staircase.
  5066 | D:6      | Killed Prince Ribbit
  5093 | Ossuary  | Entered an ossuary
  5226 | Ossuary  | Reached **** piety under Trog
  5296 | Ossuary  | Reached skill level 9 in Long Blades
  5542 | D:6      | Found an opulent altar of Gozag.
  6303 | D:7      | Reached XP level 10. HP: 44/79 MP: 10/10
  6615 | D:7      | Reached skill level 5 in Armour
  6714 | D:7      | Reached skill level 10 in Long Blades
  6880 | D:7      | Reached skill level 1 in Evocations
  6882 | D:7      | Reached ***** piety under Trog
  7111 | D:8      | Found a shadowy altar of Dithmenos.
  7122 | D:8      | Found a shimmering blue altar of Sif Muna.
  7334 | D:8      | Found a staircase to the Lair.
  7400 | D:8      | Found a broken altar of Ashenzari.
  7403 | D:8      | Identified the +5 falchion of Non Obstante Veredicto
                  | {drain, Str+4}
  7475 | D:8      | Noticed Pikel
  7492 | D:8      | Killed Pikel
  7886 | D:8      | Identified the +1 falchion of a treasure trove {heavy, rF+
                  | rN+ Dex-5 SInv} (Trog gifted it to you on level 8 of the
                  | Dungeon)
  7886 | D:8      | Received a gift from Trog
  7895 | D:8      | Reached skill level 11 in Long Blades
  7930 | D:8      | Found a glowing golden altar of the Shining One.
  8138 | D:8      | Noticed Jeremiah
  8139 | D:8      | Found a blossoming altar of Fedhas.
  8141 | D:8      | Found an ancient bone altar of Kikubaaqudgha.
  8144 | D:8      | Killed Jeremiah
  8145 | D:8      | Reached XP level 11. HP: 67/86 MP: 11/11
  8800 | D:9      | Found a hazy altar of Hepliaklqana.
  9023 | D:10     | Entered Level 10 of the Dungeon
  9028 | D:10     | Found Rionewn's General Store.
  9100 | D:10     | Bought a potion of haste for 140 gold pieces
  9585 | D:10     | Reached skill level 5 in Evocations
  9969 | D:11     | Identified the +1 falchion of Saltpetre {venom, *Rage rElec
                  | MP+9 Int+5}
 10051 | D:11     | Noticed a cyclops
 10068 | D:11     | Killed a cyclops
 10121 | D:11     | Noticed Snorg
 10133 | D:11     | Killed Snorg
 10134 | D:11     | Reached skill level 12 in Long Blades
 10209 | D:11     | Noticed Sonja
 10220 | D:11     | Killed Sonja
 10497 | D:11     | You fall into a shaft and drop 1 floor!
 10514 | D:11     | Noticed Josephine
 10530 | D:11     | Killed Josephine
 10531 | D:11     | Reached XP level 12. HP: 67/88 MP: 12/12
 10875 | D:11     | Found a portal to a secret trove of treasure.
 11117 | Lair:1   | Entered Level 1 of the Lair of Beasts
 11184 | Lair:1   | Found a runed translucent gate.
 11184 | Lair:1   | Found a runed translucent gate.
 11184 | Lair:1   | Found a runed translucent gate.
 11326 | Lair:1   | Noticed Maggie
 11337 | Lair:1   | Killed Maggie
 11337 | Lair:1   | Received a gift from Trog
 11630 | Lair:1   | Noticed a minotaur
 11631 | Lair:1   | Noticed garrulousMonolith's ghost (journeyman MDFi)
 11966 | Lair:2   | Noticed a death yak
 11967 | Lair:2   | Noticed a death yak
 12172 | Lair:1   | Killed a death yak
 12342 | Lair:1   | Killed a death yak
 12346 | Lair:1   | Reached skill level 13 in Long Blades
 13848 | Lair:2   | Reached XP level 13. HP: 103/103 MP: 4/13
 13902 | Lair:2   | Reached skill level 10 in Fighting
 14130 | Lair:3   | Found a runed translucent door.
 14158 | Lair:3   | Found a staircase to the Shoals.
 14936 | Lair:3   | Received a gift from Trog
 15005 | Lair:3   | Found a staircase to the Snake Pit.
 15074 | Lair:3   | Reached skill level 14 in Long Blades
 16098 | Lair:4   | HP: 5/100 [skyshark (6)]
 16464 | Lair:4   | Found a runed translucent door.
 16469 | Lair:4   | Noticed Rupert
 16902 | Lair:5   | Entered Level 5 of the Lair of Beasts
 18112 | Lair:5   | Reached skill level 10 in Evocations
 18397 | Lair:5   | Reached XP level 14. HP: 111/111 MP: 4/14
 18397 | Lair:5   | Acquired a recursive compensator {rF+ Slay+3 Clar RMsl}
 18508 | Lair:5   | Identified the +10 short sword of Impatience {venom,
                  | ^Fragile rCorr Str+2 Dex+8}
 18679 | Lair:5   | Reached skill level 15 in Long Blades
 19408 | Lair:5   | Reached skill level 10 in Dodging
 19588 | Lair:5   | Identified the +8 chain mail of Springtime {rN++ rCorr
                  | Dex-2}
 19911 | Lair:5   | Found a staircase to the Slime Pits.
 20402 | D:12     | Found a staircase to the Orcish Mines.
 20642 | D:12     | Annihilated by a titanic slime creature

Illustrated notes

Levels and vault maps discovered:
D:1:      giann_wishing_wells, layout_loops_ring,
          chequers_hall_statues_corner_a, minmay_cupped
D:2:      layout_loops_corners, basic_altar, chequers_serial_rivers_room_a,
          uniq_natasha, uniq_sigmund, uniq_terence, uniq_jessica
D:3:      layout_basic
D:4:      layout_cave_pods, nemelex_xobeh_ov_fountains_minmay,
          minmay_shop_enchanted_jewellery, kennysheep_nondescript,
          kennysheep_nub, uniq_eustachio
D:5:      layout_cave_pods, nicolae_wu_jian_wuxing_cycle,
          minmay_temple_entry_stoned_glass, gup_sewer_entry_spiral
D:6:      layout_basic, grunt_gozag_breadcrumbs, demons_altar,
          nicolae_ossuary_entry_ruins, serial_corexii_hall,
          corexii_hall_statues_u, corexii_hall_statues_i, uniq_prince_ribbit1
D:7:      minmay_bubble_buster, layout_basic
D:8:      layout_basic, grunt_temple_overflow_growth_and_decay, tso_altar,
          cheibrodos_ashenzari_chains, mainiacjoe_overflow_large_starburst,
          nicolae_looking_at_the_future, uniq_jeremiah, uniq_pikel
D:9:      layout_roguey, nzn_hepliaklqana_mist_gate
D:10:     layout_loops_cross, serial_shops, shop_fountains
D:11:     layout_loops_cross, nicolae_trove_entry_path_of_doom, uniq_sonja,
          uniq_snorg, uniq_josephine
D:12:     layout_basic, david_orc_1_choice
Lair:1:   layout_concentric_octagons, maelrawn_ghost_gauntlet_escape,
          serial_bayou_crossing, uniq_maggie
Lair:2:   layout_cave_pods, grunt_megastairs_4, infiniplex_staircase_pool
Lair:3:   layout_small_grid, shoals_dummy_entry, alex1729_snake_entry_snake,
          pf_torpor_hydra
Lair:4:   layout_regular_city, pdpol_lair_cabin_in_the_woods
Lair:5:   hangedman_lair_caniforms_friends, layout_layer_cave,
          guppyfry_lair_end_dragon, dpeg_slime_entry_enclosed

Skill      XL: |  1  2  3  4  5  6  7  8  9 10 11 12 13 14 |
---------------+-------------------------------------------+-----
Dodging        | 2 3 4 5 6 7 8 9 10 | 10.1
Long Blades    | 4 5 6 8 9 11 12 13 14 15 | 15.5
Fighting       | 4 5 6 7 8 9 10 11 | 11.3
Armour         | 2 3 4 6 7 8 9 |  9.6
Evocations     | 3 6 8 10 | 10.9

Action                     |  1- 3 |  4- 6 |  7- 9 | 10-12 | 13-15 || total
---------------------------+-------+-------+-------+-------+-------++-------
  Melee: Dagger            |    69 |   300 |   336 |   153 |       ||   858
         Falchion          |    34 |       |   364 |   955 |   915 ||  2268
 Invoke: Berserk           |     1 |     4 |       |     4 |     2 ||    11
         Brothers in Arms  |       |       |       |       |     3 ||     3
         Trog's Hand       |       |       |       |       |     1 ||     1
Ability: Invent Gizmo      |       |       |       |       |     1 ||     1
  Evoke: Wand              |       |       |       |       |    23 ||    23
    Use: Scroll            |       |       |       |    22 |     6 ||    28
         Potion            |       |       |       |     1 |     5 ||     6
   Stab: Sleeping          |     1 |     1 |       |       |       ||     2
         Petrified         |       |       |       |       |     7 ||     7
 Armour: Animal skin       |    37 |    23 |       |       |       ||    60
         Scale mail        |       |    66 |    10 |       |       ||    76
         Chain mail        |       |       |   231 |   346 |   118 ||   695
         Swamp dragon scal |       |       |       |   115 |   331 ||   446
  Dodge: Dodged            |    42 |    74 |   161 |   406 |   453 ||  1136
         Repelled          |       |       |       |       |    18 ||    18

Table legend: (Time is in decaauts)
 A = Elapsed time spent in this place.
 B = Non-inter-level travel time spent in this place.
 C = Inter-level travel time spent in this place.
 D = Time resting spent in this place.
 E = Time spent auto-exploring this place.
 F = Levels seen in this place.
 G = Mean time per level.
                   A        B        C        D        E       F      G
               +--------+--------+--------+--------+--------+-----+--------+
         Total |  20306 |  19340 |    966 |   5461 |  10499 |  18 | 1128.1 |
       Dungeon |  11277 |  10512 |    765 |   2201 |   6287 |  12 |  939.8 |
          Lair |   8791 |   8590 |    201 |   3198 |   4160 |   5 | 1758.2 |
       Ossuary |    237 |    237 |      0 |     62 |     52 |   1 |  237.0 |
               +--------+--------+--------+--------+--------+-----+--------+

Top non-repeatable levels by time:
  Lair:5: 2854 daAuts
  Lair:2: 1587 daAuts
  Lair:3: 1548 daAuts
  Lair:4: 1437 daAuts
     D:2: 1407 daAuts
  Lair:1: 1364 daAuts
     D:8: 1299 daAuts
    D:11: 1182 daAuts
     D:7: 1004 daAuts
     D:5: 961 daAuts
     D:4: 954 daAuts
    D:10: 872 daAuts
     D:3: 840 daAuts
     D:9: 835 daAuts
     D:1: 784 daAuts
